 Dungeon Crawl Stone Soup version 0.29-a0-834-g1e95ca9f62 (webtiles) character file.

Game seed: 9706229745596843329

37 purpskrrrp the Sneak (level 3, 0/17 HPs)
             Began as a Vine Stalker Enchanter on July 13, 2022.
             Slain by Edmund
             ... wielding a +2 dire flail of protection
              (3 damage)
             ... on level 4 of the Dungeon.
             The game lasted 00:07:53 (3010 turns).

purpskrrrp the Sneak (Vine Stalker Enchanter)       Turns: 3010, Time: 00:07:54

Health: 0/17       AC: 10    Str: 10    XL:     3   Next: 41%
Magic:  0/7        EV: 11    Int: 15    God:
Gold:   49         SH:  9    Dex: 16    Spells: 6/6 levels left

rFire   . . .      SeeInvis .   e - +2 dagger (elec)
rCold   . . .      Faith    .   o - +0 buckler
rNeg    . . .      Spirit   +   p - +1 robe {Will+}
rPois   +          Reflect  +   (no helmet)
rElec   .          Harm     .   (no cloak)
rCorr   .          Rampage  .   (no gloves)
Will    +....                   f - +2 pair of boots
Stlth   +++.......              i - amulet of reflection
HPRegen 0.05/turn               d - +4 ring of protection
MPRegen 0.10/turn               b - ring of poison resistance

@: no status effects
A: fangs 2, magic shield, antimagic bite, no potion heal 2, wild magic 1
a: no special abilities


You were on level 4 of the Dungeon.
You visited 1 branch of the dungeon, and saw 4 of its levels.

You collected 134 gold pieces.
You spent 85 gold pieces at shops.

Inventory:

Hand Weapons
 a - a +1 dagger
 e - a +2 dagger of electrocution (weapon)
Missiles
 k - 5 poisoned darts
 q - 4 boomerangs of dispersal (quivered)
 r - 2 datura-tipped darts
Armour
 f - a +2 pair of boots (worn)
 o - a +0 buckler (worn)
 p - a +1 robe of willpower (worn)
Jewellery
 b - a ring of poison resistance (right hand)
 d - a +4 ring of protection (left hand)
 i - an amulet of reflection (around neck)
Scrolls
 h - a scroll of teleportation
 u - a scroll of identify
Potions
 c - a potion of invisibility
 g - a potion of flight {unknown}
 j - a potion of degeneration
 l - a potion of lignification {unknown}
 m - 2 potions of curing
 n - a potion of cancellation
 s - a potion of ambrosia {unknown}
 t - a potion of heal wounds {unknown}


   Skills:
 + Level 0.5 Fighting
 * Level 1.3 Short Blades
 + Level 1.7 Dodging
 * Level 4.3 Stealth
 + Level 0.2 Shields
 + Level 2.2 Spellcasting
 + Level 3.4 Hexes


You had 6 spell levels left.
You didn't know any spells.
Your spell library contained the following spells:

 Spells                   Type           Power      Damage    Failure   Level
 Ensorcelled Hibernation  Hex/Ice        16%        N/A       30%         2
 Confusing Touch          Hex            15%        N/A       30%         3
 Tukima's Dance           Hex            15%        N/A       30%         3
 Sandblast                Erth           4%         2d4       38%         1
 Passwall                 Tmut/Erth      1%         N/A       50%         2
 Dazzling Flash           Conj/Hex       16%        N/A       50%         3
 Stone Arrow              Conj/Erth      4%         3d7       73%         3
 Hailstorm                Conj/Ice       2%         3d3       98%         4
 Ice Form                 Ice/Tmut       2%         N/A       98%         4
 Simulacrum               Ice/Necr       1%         N/A       100%        6


Dungeon Overview and Level Annotations

Branches:
Dungeon (4/15)
 Temple: D:4-7

Altars:

Shops:
D:1 [[

Annotations:
D:4 Edmund


Innate Abilities, Weirdness & Mutations

You have extremely sharp teeth.
When hurt, damage is shared between your health and your magic reserves.
Your bite disrupts and absorbs the magic of your enemies.
Potions cannot restore your health.
Your spells are a little harder to cast, but a little more powerful.


Message History

Found two stone staircases leading down.
No target in view!
No target in view!
u - a scroll of identify Edmund the Younger comes into view.
He is wielding a +2 dire flail of protection.
Edmund is nearby!
Edmund shouts!
You barely miss Edmund. You block Edmund's attack.
Edmund says, "A flail is better than a scythe, any day of the week!"
Edmund misses you.
You hit Edmund. Your bite misses Edmund.
Edmund is lightly wounded.
Edmund barely misses you.
You closely miss Edmund.
Edmund is lightly wounded.
Edmund hits you with a +2 dire flail of protection!
You hit Edmund.
Edmund is lightly wounded.
You block Edmund's attack.
You hit Edmund. You bite Edmund. You drain his power.
You feel invigorated.
Edmund is lightly wounded.
Edmund hits you with a +2 dire flail of protection!
You are too injured to fight recklessly!
You hit Edmund but do no damage.
Edmund is lightly wounded.
Edmund completely misses you.
You closely miss Edmund. You bite Edmund, but do no damage.
Edmund is lightly wounded.
You block Edmund's attack.
You completely miss Edmund. Your bite misses Edmund.
Edmund is lightly wounded.
Edmund hits you with a +2 dire flail of protection.
* * * LOW HITPOINT WARNING * * *
Throw: 5 boomerangs (disperse)
Press: ? - help, Q - select action, (/) - cycle Shift-Dir - straight line, f - Edmund
Aim: Edmund, wielding a +2 dire flail of protection and wearing a +0 ring mail (lightly wounded, 63% to hit)
You throw a boomerang of dispersal.
The boomerang of dispersal barely misses Edmund.
Edmund hits you with a +2 dire flail of protection.
You die...

....# #.#
.....######..
#........... ..
##.......... ...
#.......... #...#.
.......... .. #..#..
#.......@# ..#
......###.......@###.#
.#...##...........#..#
#............?....#
#................#
#................#
#..........>.....##
#.##..............#
#.###.............## #
#..###..............


You could see Edmund.

Vanquished Creatures
  A worm (D:2)
  7 ball pythons
  An endoplasm (D:2)
  3 giant cockroaches (D:2)
  5 goblins
  6 hobgoblins
  3 bats
  2 frilled lizards
  A kobold (D:3)
  A rat (D:2)
30 creatures vanquished.

Vanquished Creatures (others)
  A plant (D:2)
1 creature vanquished.

Grand Total: 31 creatures vanquished

Notes
Turn   | Place    | Note
-------+----------+-------------------------------------------
     0 | D:1      | purpskrrrp the Vine Stalker Enchanter began the quest for
                  | the Orb.
     0 | D:1      | Reached XP level 1. HP: 9/9 MP: 4/4
     6 | D:1      | Noticed a polar bear
     6 | D:1      | Noticed a salamander
     6 | D:1      | Noticed a lindwurm
     7 | D:1      | Noticed a four-headed hydra
    26 | D:1      | Found Tareggy's Antique Weapon Boutique.
   398 | D:1      | Found Voumpex's Antique Armour Shop.
   444 | D:1      | Reached XP level 2. HP: 4/13 MP: 4/6
   663 | D:1      | Found Vearghig's Antique Armour Shoppe.
   766 | D:1      | Reached skill level 4 in Stealth
  1015 | D:2      | Reached skill level 1 in Short Blades
  1441 | D:2      | Found a faded altar of an unknown god.
  1521 | D:2      | Reached XP level 3. HP: 16/16 MP: 7/7
  1913 | D:1      | Bought a glowing robe for 85 gold pieces
  1976 | D:3      | Gained mutation: You are frail. (-10% HP) [potion of
                  | mutation]
  1977 | D:3      | Lost mutation: You are frail. (-10% HP) [potion of
                  | mutation]
  1977 | D:3      | Gained mutation: You are clumsy. (Dex -2) [potion of
                  | mutation]
  1977 | D:3      | Gained mutation: Your spells are a little harder to cast,
                  | but a little more powerful. [potion of mutation]
  1977 | D:3      | Lost mutation: You are clumsy. (Dex -2) [potion of
                  | mutation]
  2997 | D:4      | Noticed Edmund
  3010 | D:4      | Slain by Edmund

Illustrated notes

Levels and vault maps discovered:
D:1:      onia_arrival_zoo_common, layout_basic, serial_shops,
          nicolae_shop_statue_plus, nicolae_lakefront_shop,
          nicolae_shop_crystal, serial_park_tiny_pond,
          wad_floor_pattern_untrapped, minmay_shallow_snake_nest
D:2:      layout_rooms, shapermc_ecumenical_altar_mp_urbaneastern
D:3:      layout_basic
D:4:      layout_layer_cave, mainiacjoe_overflow_paths,
          gammafunk_ghost_gnarly_gnolls, uniq_natasha, uniq_edmund

Skill      XL: |  1  2 |
---------------+-------+-----
Stealth        | 4 |  4.3
Short Blades   | 1 |  1.3
Fighting       | |  0.5
Dodging        | |  1.7
Shields        | |  0.2
Spellcasting   | |  2.2
Hexes          | |  3.4

Action                   || total
-------------------------++-------
Melee: Dagger            ||   103
       Bite              ||    22
       Punch             ||     2
Throw: Boomerang         ||     1
  Use: Potion            ||     3
       Scroll            ||     7
 Stab: Sleeping          ||     5
       Invisible         ||     1
Armor: Robe              ||    22
Dodge: Dodged            ||    49
Block: Other             ||    12
       Buckler           ||     6

Table legend: (Time is in decaauts)
 A = Elapsed time spent in this place.
 B = Non-inter-level travel time spent in this place.
 C = Inter-level travel time spent in this place.
 D = Time resting spent in this place.
 E = Time spent auto-exploring this place.
 F = Levels seen in this place.
 G = Mean time per level.
                   A        B        C        D        E       F      G
               +--------+--------+--------+--------+--------+-----+--------+
         Total |   3006 |   2806 |    200 |      0 |   2429 |   4 |  751.5 |
       Dungeon |   3006 |   2806 |    200 |      0 |   2429 |   4 |  751.5 |
               +--------+--------+--------+--------+--------+-----+--------+

Top non-repeatable levels by time:
     D:1: 1012 daAuts
     D:2: 932 daAuts
     D:3: 930 daAuts
     D:4: 131 daAuts
